 Dungeon Crawl Stone Soup version 0.26-a0-1126-g3318b609a0 (webtiles) character file.

Game seed: 13214831087356305395

82 kae the Insei (level 4, -1/36 HPs)
             Began as a Demonspawn Monk on Dec 17, 2020.
             Slain by a worm (11 damage)
             ... on level 3 of the Dungeon.
             The game lasted 00:01:09 (2403 turns).

kae the Insei (Demonspawn Monk)                     Turns: 2403, Time: 00:01:09

Health: -1/36      AC:  2    Str: 12    XL:     4   Next: 21%
Magic:  13/13      EV: 14    Int: 11    God:
Gold:   89         SH:  0    Dex: 16    Spells: 3/3 levels left

rFire    . . .     SeeInvis .     - Unarmed
rCold    . . .     Faith    .   (no shield)
rNeg     + . .     Spirit   .   a - +0 robe
rPois    .         Reflect  .   (no helmet)
rElec    .         Harm     .   (no cloak)
rCorr    .         Rampage  .   (no gloves)
Will     .....                  (no boots)
Stlth    ++........             (no amulet)
HPRegen  0.12/turn              f - ring of magical power
MPRegen  0.13/turn              e - ring of positive energy

@: no status effects
A: hooves 2
a: no special abilities


You were on level 3 of the Dungeon.
You visited 1 branch of the dungeon, and saw 3 of its levels.

You collected 89 gold pieces.

Inventory:

Armour
 a - a +0 robe (worn)
Jewellery
 e - a ring of positive energy (right hand)
 f - a ring of magical power (left hand)
Wands
 g - a wand of enslavement (9)
Potions
 c - a potion of lignification


   Skills:
 + Level 3.6 Fighting
 + Level 3.2 Dodging
 - Level 1.7 Stealth
 * Level 3.8 Unarmed Combat


You had 3 spell levels left.
You didn't know any spells.
Your spell library was empty.

Dungeon Overview and Level Annotations

Branches:
Dungeon (3/15)

Altars:


Innate Abilities, Weirdness & Mutations

You have hoof-like feet.


Message History

A worm is nearby!
A worm is nearby!
Things that are here:
16 gold pieces; a goblin corpse
Found a stone staircase leading down.
The worm bites you!
You are too injured to fight recklessly!
You are too injured to fight recklessly!
You are too injured to fight recklessly!
You are too injured to fight recklessly!
You barely miss the worm. Your kick misses the worm. You barely miss the worm.
You kick the worm, but do no damage. The worm bites you.
* * * LOW HITPOINT WARNING * * *
You hit the worm. You punch the worm.
The worm is moderately wounded.
You barely miss the worm.
The worm is moderately wounded.
The worm bites you!
You die...

#.........# #......
#.........# #......
###........# #.....
#.+..).....# #.....
#.#...†....#
#.....##.#<#.######
#.......###.#
#.........$.##...
#>..w@.......'....
#......#.....#....
#......#.....# ...
#......####### .
#......# #......#
########


You could see a worm.

Vanquished Creatures
  2 adders
  An ooze (D:1)
  2 worms (D:2)
  2 dart slugs (D:2)
  A leopard gecko (D:1)
  An orc (D:3)
  A ball python (D:2)
  6 bats
  A giant cockroach (D:1)
  8 goblins
  5 hobgoblins
  7 kobolds
  2 frilled lizards (D:1)
  6 rats
45 creatures vanquished.

Notes
Turn   | Place    | Note
-------+----------+-------------------------------------------
     0 | D:1      | kae the Demonspawn Monk began the quest for the Orb.
     0 | D:1      | Reached XP level 1. HP: 18/18 MP: 1/1
   391 | D:1      | Gained mutation: You have large cloven feet. [demonic
                  | ancestry]
   391 | D:1      | Reached XP level 2. HP: 21/24 MP: 2/2
   941 | D:1      | Gained mutation: You have hoof-like feet. [demonic
                  | ancestry]
   941 | D:1      | Reached XP level 3. HP: 21/29 MP: 3/3
  2178 | D:2      | Reached XP level 4. HP: 35/35 MP: 4/4
  2403 | D:3      | Slain by a worm

Illustrated notes

Levels and vault maps discovered:
D:1:      roderic_dead_forest, layout_basic, minmay_indecisive_spiral
D:2:      layout_loops_ring
D:3:      layout_basic, st_stairs_2, minivault_19

Skill      XL: |  1  2 |
---------------+-------+-----
Unarmed Combat | 3 |  3.8
Dodging        | 3 |  3.2
Fighting       | |  3.6
Stealth        | |  1.7

Action                   |  1- 3 |  4- 6 || total
-------------------------+-------+-------++-------
Melee: Unarmed           |   130 |    18 ||   148
       Kick              |    26 |     5 ||    31
       Punch             |     3 |     1 ||     4
  Use: Scroll            |       |     4 ||     4
 Stab: Sleeping          |     4 |       ||     4
Armor: Robe              |    20 |     2 ||    22
Dodge: Dodged            |    97 |    11 ||   108

Table legend: (Time is in decaauts)
 A = Elapsed time spent in this place.
 B = Non-inter-level travel time spent in this place.
 C = Inter-level travel time spent in this place.
 D = Time resting spent in this place.
 E = Time spent auto-exploring this place.
 F = Levels seen in this place.
 G = Mean time per level.
                   A        B        C        D        E       F      G
               +--------+--------+--------+--------+--------+-----+--------+
         Total |   2391 |   2350 |     41 |    149 |   1893 |   3 |  797.0 |
       Dungeon |   2391 |   2350 |     41 |    149 |   1893 |   3 |  797.0 |
               +--------+--------+--------+--------+--------+-----+--------+

Top non-repeatable levels by time:
     D:1: 1341 daAuts
     D:2: 1014 daAuts
     D:3: 35 daAuts
